 Dungeon Crawl Stone Soup version 0.27.1-4-g1640c2035a (webtiles) character file.

Game seed: 18206397897001755463

16 Stomo444 the Skirmisher (level 2, -5/16 HPs)
             Began as a Vine Stalker Monk on Nov 10, 2021.
             Slain by a worm (6 damage)
             ... on level 2 of the Dungeon.
             The game lasted 00:00:51 (1371 turns).

Stomo444 the Skirmisher (Vine Stalker Monk)         Turns: 1371, Time: 00:00:53

Health: -5/16      AC:  2    Str: 13    XL:     2   Next: 54%
Magic:  0/3        EV: 12    Int: 10    God:
Gold:   25         SH:  0    Dex: 16    Spells: 1/1 levels left

rFire    . . .     SeeInvis .   a - +0 mace
rCold    . . .     Faith    .   (no shield)
rNeg     . . .     Spirit   +   b - +0 robe
rPois    .         Reflect  .   (no helmet)
rElec    .         Harm     .   (no cloak)
rCorr    .         Rampage  .   (no gloves)
Will     .....                  (no boots)
Stlth    ++........             (no amulet)
HPRegen  0.05/turn              (no ring)
MPRegen  0.08/turn              (no ring)

@: no status effects
A: fangs 2, magic shield, antimagic bite, no potion heal 2
a: no special abilities


You were on level 2 of the Dungeon.
You visited 1 branch of the dungeon, and saw 2 of its levels.

You collected 25 gold pieces.

Inventory:

Hand Weapons
 a - a +0 mace (weapon)
Armour
 b - a +0 robe (worn)
Jewellery
 d - an amulet of guardian spirit
Scrolls
 f - a scroll of enchant weapon {unknown}
 g - a scroll of teleportation {unknown}
 h - a scroll of identify {unknown}
 i - 2 scrolls of magic mapping {unknown}
Potions
 c - a potion of curing {unknown}
 e - a potion of mutation {unknown}
 j - a potion of haste {unknown}


   Skills:
 * Level 3.0 Fighting
 * Level 3.0 Maces & Flails
 + Level 2.5 Dodging
 - Level 2.4 Stealth


You had one spell level left.
You didn't know any spells.
Your spell library was empty.

Dungeon Overview and Level Annotations

Branches:
Dungeon (2/15)

Altars:


Innate Abilities, Weirdness & Mutations

You have extremely sharp teeth.
When hurt, damage is shared between your health and your magic reserves.
Your bite disrupts and absorbs the magic of your enemies.
Potions cannot restore your health.


Message History

Orders for allies: a - Attack new target. r - Retreat! s - Stop attacking. g - Guard the area. f - Follow me.
Anything else - Cancel.
Okay, then.
There is a stone staircase leading up here.
You climb upwards.
There is a stone staircase leading down here.
You start resting.
Magic restored.
You start resting.
HP restored.
You climb downwards.
The worm bites you!
Ouch! That really hurt!
There is a stone staircase leading up, spattered with blood here.
You are too injured to fight recklessly!
You are too injured to fight recklessly!
You are too injured to fight recklessly!
You are too injured to fight recklessly!
You are too injured to fight recklessly!
You are too injured to fight recklessly!
You are too injured to fight recklessly!
You are too injured to fight recklessly!
You are too injured to fight recklessly!
You are too injured to fight recklessly!
You are too injured to fight recklessly!
You are too injured to fight recklessly!
You are too injured to fight recklessly!
You are too injured to fight recklessly!
You are too injured to fight recklessly!
You are too injured to fight recklessly!
You barely miss the worm. You bite the worm, but do no damage.
The worm bites you!
* * * LOW HITPOINT WARNING * * *
You hit the worm.
The worm is moderately wounded.
You hit the worm.
The worm is heavily wounded.
The worm bites you.
You die...

#.##....######.... #
#..#.............. ..
#................
...###...............
.........)...........
.....................
....#..#.#.:........
... ##w..#..........
#@.#######..... #...#
#.[.. ..#.# #...
#.##..# #. .... #.
....> #. ...... #.
..#.


You could see a worm.

Vanquished Creatures
  2 dart slugs (D:1)
  A giant cockroach (D:1)
  2 ball pythons (D:1)
  4 goblins
  3 kobolds (D:1)
  A rat (D:1)
13 creatures vanquished.

Notes
Turn   | Place    | Note
-------+----------+-------------------------------------------
     0 | D:1      | Stomo444 the Vine Stalker Monk began the quest for the Orb.
     0 | D:1      | Reached XP level 1. HP: 11/11 MP: 2/2
   554 | D:1      | Reached XP level 2. HP: 16/16 MP: 3/3
  1371 | D:2      | Slain by a worm

Illustrated notes

Levels and vault maps discovered:
D:1:      lightli_arrival_flooded_house, layout_loops_ring
D:2:      layout_rooms, basic_altar, ebering_ecumenical_altar_sacrificial,
          corexii_hall_statues_u, uniq_robin

Skill      XL: |  1  2 |
---------------+-------+-----
Fighting       | 3 |  3.0
Maces & Flails | 3 |  3.0
Dodging        | |  2.5
Stealth        | |  2.4

Action                   || total
-------------------------++-------
Melee: Mace              ||    38
       Bite              ||    12
 Stab: Sleeping          ||     3
Armor: Robe              ||     7
Dodge: Dodged            ||    13
